AoeStats
← Yume

Pilgrims

508334143Analyzed
2v2 RM · 10d ago on Sep 22, 2026· 70m 17s· 4 players
Game mode
Random Map
Map size
Medium (4 player)
Population
200
Speed
Normal
Resources
Standard
Victory
Conquest
Starting age
Dark Age
Ending age
Imperial Age
RankedLock teamsTeams togetherTeam positionsShared explorationLock speedFull tech treeHidden civsTurbo modeCheats
Victory
Defeat
🇪🇨 Huns · Ecuador
693
+17
🇪🇸 Persians · Spain
692
+17
🇨🇱 Britons · Chile
734
-36
🇺🇸 Japanese · United States
710
-17
prayingdantiss7
6:20 Loom
12:50 Feudal Age
13:05 Loom
15:38 Double-Bit Axe
16:47 Horse Collar
19:11 Castle Age
17:02 Fishing Lines
18:56 Fletching
19:07 Padded Archer Armor
19:18 Gold Mining
19:19 Stone Mining
20:24 Bodkin Arrow
22:10 Bloodlines
22:28 Husbandry
25:42 Wheelbarrow
25:31 Leather Archer Armor
28:39 Hand Cart
28:13 Town Watch
28:53 Ballistics
28:24 Guard Tower
28:45 Fortified Wall
29:15 Treadmill Crane
33:09 Imperial Age
33:20 Fervor
33:48 Bow Saw
34:13 Medium Warships
39:20 Kataparuto
39:30 Conscription
41:28 Bracer
41:59 Ring Archer Armor
42:52 Heavy Warships
44:22 Scale Mail Armor
44:33 Forging
45:51 Chain Mail Armor
46:28 Iron Casting
45:19 Elite Samurai
47:54 Chemistry
56:45 Squires
56:30 Gambesons
sebatyper
2:57 Loom
21:49 Feudal Age
22:14 Man-at-Arms
28:01 Gold Mining
28:00 Horse Collar
37:28 Stone Mining
41:07 Castle Age
Yume
12:55 Feudal Age
11:11 Loom
20:07 Castle Age
21:16 Horse Collar
22:15 Gold Mining
22:15 Stone Mining
25:08 Wheelbarrow
24:59 Husbandry
27:07 Ballistics
28:58 Hand Cart
29:47 Marauders
34:17 Scale Barding Armor
36:14 Gold Shaft Mining
37:26 Double-Bit Axe
37:54 Fishing Lines
45:16 Chain Barding Armor
44:59 Town Watch
47:27 Masonry
53:38 Imperial Age
52:38 Bloodlines
51:49 Light Cavalry
54:49 Conscription
54:38 Elite Tarkan
55:32 Gillnets
56:33 Atheism
62:06 Bow Saw
64:43 Heavy Plow
66:23 Hussar
Gatsu
17:10 Loom
19:26 Feudal Age
32:06 Wheelbarrow
31:17 Town Watch
38:58 Castle Age
41:25 Castle Age
43:31 Double-Bit Axe
46:05 Kamandaran
46:38 Hand Cart
48:28 Thumb Ring
48:45 Bow Saw
50:38 Crossbowman
51:26 Fletching
51:46 Forging
51:37 Padded Archer Armor
55:07 Leather Archer Armor
54:49 Bodkin Arrow
55:30 Iron Casting
55:35 Ballistics
55:25 Masonry
56:32 Squires
56:18 Arson
56:19 Gambesons
57:41 Town Patrol
58:46 Caravan
62:08 Guard Tower
63:07 Stone Mining
64:01 Parthian Tactics
64:11 Horse Collar
65:23 Scale Barding Armor
68:30 Stone Shaft Mining
67:46 Gold Mining
69:49 Chain Barding Armor
Connection lost

Rejoining the realm…

Still unreachable

The connection could not be restored.

Session expired

The server has moved on; the page needs a fresh start.